[ PARTIDA AOE2 · #495677707 ]
UnrankedEslavos vs Romans
Equipo del jugador · DERR
Equipo rival · VICT
[ ANÁLISIS DE REPETICIÓN · EXTRAÍDO DE LA PARTIDA GRABADA ]
Feudal
9:50
Castillos
28:07
Imperial
—
| APM promedio | 50.9 |
| APM pico | 84 |
| eAPM promedio | 24.4 |
| Aldeanos / militares | 61 / 77 |
Foco
⚔️ 37.0% · 🌾 63.0%
Militia ×76 · Spearman ×1
Feudal
9:20
Castillos
24:57
Imperial
—
| APM promedio | 61.4 |
| APM pico | 97 |
| eAPM promedio | 30.6 |
| Aldeanos / militares | 80 / 141 |
Foco
⚔️ 46.0% · 🌾 54.0%
Militia ×134 · Scorpion ×6 · Spearman ×1
Mapa de la partida
Recursos iniciales + cada clic de construcción. Líneas = muros · curvas = relieve. ◆ oro · ⬟ piedra · ● bayas · ✦ reliquia · ◌ hueco del cierre
Tu base· Abierta — el rival se encerró
Base de 寡言悲观戏谑· ✓ Cerrada en 24:57 · 78t muro · sin puerta
Terreno inicial suavizado · ◌ = hueco del cierre detectado · pasá el cursor para detalles
Inputs por minuto
— Lorenz - - 寡言悲观戏谑
Build order — Lorenz
Primeras 150 de 283 acciones detectadas
| 0:00 | Crear | Villager (Male) |
| 0:00 | Crear | Villager (Male) |
| 0:01 | Construir | House |
| 0:02 | Construir | House |
| 0:07 | Crear | Villager (Male) |
| 0:08 | Crear | Villager (Male) |
| 0:08 | Crear | Villager (Male) |
| 1:27 | Crear | Villager (Male) |
| 1:51 | Construir | Lumber Camp |
| 2:02 | Crear | Villager (Male) |
| 2:23 | Crear | Villager (Male) |
| 2:49 | Crear | Villager (Male) |
| 3:09 | Crear | Villager (Male) |
| 3:42 | Crear | Villager (Male) |
| 3:42 | Crear | Villager (Male) |
| 3:49 | Construir | House |
| 3:56 | Crear | Villager (Male) |
| 4:37 | Construir | House |
| 4:59 | Crear | Villager (Male) |
| 5:10 | Construir | Mill |
| 5:23 | Crear | Villager (Male) |
| 5:39 | Crear | Villager (Male) |
| 5:56 | Crear | Villager (Male) |
| 6:34 | Construir | Barracks |
| 6:36 | Investigar | Loom |
| 7:05 | Crear | Villager (Male) |
| 7:37 | Construir | House |
| 7:40 | Investigar | Feudal Age |
| 7:43 | Construir | Mining Camp |
| 8:23 | Construir | House |
| 8:24 | Crear | Militia |
| 8:48 | Crear | Militia |
| 9:03 | Crear | Militia |
| 9:08 | Construir | House |
| 9:10 | Construir | Palisade Wall |
| 9:14 | Crear | Militia |
| 9:18 | Construir | Farm |
| 9:23 | Crear | Villager (Male) |
| 9:44 | Construir | Palisade Wall |
| 9:50 | Construir | Palisade Wall |
| 9:50 | Edad | Edad Feudal |
| 9:51 | Construir | Palisade Wall |
| 9:55 | Investigar | Man-at-Arms (upgrade) |
| 9:56 | Investigar | Man-at-Arms (upgrade) |
| 10:06 | Construir | Farm |
| 10:19 | Crear | Villager (Male) |
| 10:39 | Crear | Villager (Male) |
| 10:43 | Construir | House |
| 10:52 | Crear | Spearman |
| 11:15 | Construir | House |
| 11:26 | Crear | Militia |
| 11:28 | Crear | Villager (Male) |
| 11:38 | Crear | Villager (Male) |
| 11:52 | Crear | Villager (Male) |
| 12:01 | Construir | House |
| 12:03 | Construir | Palisade Wall |
| 12:09 | Crear | Militia |
| 12:12 | Construir | Farm |
| 12:16 | Construir | Farm |
| 12:20 | Construir | Farm |
| 12:34 | Construir | Palisade Wall |
| 12:40 | Crear | Militia |
| 12:43 | Crear | Villager (Male) |
| 12:43 | Crear | Villager (Male) |
| 12:45 | Construir | Farm |
| 12:52 | Construir | Farm |
| 12:54 | Construir | Farm |
| 12:59 | Crear | Militia |
| 13:03 | Crear | Villager (Male) |
| 13:05 | Construir | Farm |
| 13:14 | Crear | Militia |
| 13:17 | Construir | Farm |
| 13:22 | Construir | Palisade Wall |
| 13:29 | Crear | Villager (Male) |
| 13:44 | Construir | Palisade Wall |
| 13:47 | Construir | Palisade Wall |
| 13:49 | Construir | Palisade Wall |
| 13:51 | Construir | Palisade Wall |
| 13:53 | Construir | Palisade Wall |
| 14:05 | Crear | Militia |
| 14:05 | Crear | Villager (Male) |
| 14:07 | Construir | Farm |
| 14:09 | Construir | Farm |
| 14:16 | Crear | Militia |
| 14:17 | Crear | Villager (Male) |
| 14:28 | Crear | Villager (Male) |
| 14:44 | Construir | House |
| 14:45 | Crear | Militia |
| 15:01 | Crear | Villager (Male) |
| 15:02 | Construir | Farm |
| 15:23 | Crear | Villager (Male) |
| 15:27 | Construir | Lumber Camp |
| 15:40 | Crear | Villager (Male) |
| 15:49 | Crear | Villager (Male) |
| 16:06 | Construir | Watch Tower |
| 16:12 | Crear | Militia |
| 16:27 | Crear | Militia |
| 16:32 | Investigar | Double-Bit Axe |
| 16:33 | Investigar | Double-Bit Axe |
| 16:36 | Construir | Palisade Wall |
| 16:39 | Construir | Palisade Wall |
| 16:47 | Crear | Militia |
| 16:53 | Crear | Villager (Male) |
| 16:55 | Construir | Farm |
| 17:01 | Crear | Militia |
| 17:13 | Construir | Mill |
| 17:15 | Crear | Villager (Male) |
| 17:28 | Crear | Militia |
| 17:46 | Crear | Militia |
| 17:46 | Crear | Villager (Male) |
| 17:49 | Construir | Farm |
| 17:50 | Construir | Farm |
| 17:54 | Construir | Farm |
| 17:58 | Construir | House |
| 18:00 | Crear | Militia |
| 18:12 | Construir | Lumber Camp |
| 18:13 | Crear | Villager (Male) |
| 18:18 | Construir | Palisade Wall |
| 18:21 | Crear | Militia |
| 18:42 | Crear | Militia |
| 18:43 | Crear | Villager (Male) |
| 18:58 | Crear | Villager (Male) |
| 19:03 | Construir | Farm |
| 19:04 | Construir | Farm |
| 19:11 | Crear | Militia |
| 19:12 | Crear | Villager (Male) |
| 19:15 | Construir | Blacksmith |
| 19:40 | Crear | Militia |
| 19:53 | Crear | Villager (Male) |
| 20:01 | Investigar | Forging |
| 20:01 | Investigar | Forging |
| 20:04 | Construir | Farm |
| 20:06 | Construir | Farm |
| 20:09 | Construir | Farm |
| 20:16 | Investigar | Scale Mail Armor |
| 20:18 | Crear | Villager (Male) |
| 20:32 | Investigar | Horse Collar |
| 20:35 | Construir | Farm |
| 20:37 | Construir | Farm |
| 20:43 | Construir | Farm |
| 21:14 | Crear | Villager (Male) |
| 21:17 | Construir | Palisade Wall |
| 21:21 | Crear | Militia |
| 21:21 | Crear | Militia |
| 21:28 | Construir | Palisade Wall |
| 21:39 | Construir | Barracks |
| 21:40 | Crear | Villager (Male) |
| 21:42 | Investigar | Wheelbarrow |
| 21:46 | Construir | Farm |
| 22:03 | Construir | Mining Camp |
Build order — 寡言悲观戏谑
Primeras 150 de 368 acciones detectadas
| 0:02 | Crear | Villager (Male) |
| 0:02 | Crear | Villager (Male) |
| 0:02 | Crear | Villager (Male) |
| 0:04 | Construir | House |
| 0:05 | Construir | House |
| 0:14 | Crear | Villager (Male) |
| 1:24 | Crear | Villager (Male) |
| 1:25 | Crear | Villager (Male) |
| 2:04 | Crear | Villager (Male) |
| 2:07 | Construir | Lumber Camp |
| 2:14 | Crear | Villager (Male) |
| 2:59 | Crear | Villager (Male) |
| 3:00 | Crear | Villager (Male) |
| 3:00 | Crear | Villager (Male) |
| 3:32 | Construir | House |
| 3:33 | Construir | House |
| 3:37 | Crear | Villager (Male) |
| 3:37 | Crear | Villager (Male) |
| 4:07 | Crear | Villager (Male) |
| 4:10 | Crear | Villager (Male) |
| 4:57 | Crear | Villager (Male) |
| 4:59 | Construir | Mill |
| 5:07 | Crear | Villager (Male) |
| 5:13 | Crear | Villager (Male) |
| 5:36 | Crear | Villager (Male) |
| 5:46 | Crear | Villager (Male) |
| 5:46 | Crear | Villager (Male) |
| 6:12 | Crear | Villager (Male) |
| 6:39 | Investigar | Loom |
| 6:39 | Investigar | Loom |
| 7:07 | Investigar | Feudal Age |
| 7:07 | Investigar | Feudal Age |
| 7:08 | Investigar | Feudal Age |
| 7:19 | Construir | Barracks |
| 8:15 | Construir | Mining Camp |
| 8:27 | Construir | House |
| 8:27 | Crear | Militia |
| 8:27 | Crear | Militia |
| 8:30 | Construir | Palisade Wall |
| 8:31 | Construir | Palisade Wall |
| 8:45 | Crear | Villager (Male) |
| 8:52 | Crear | Villager (Male) |
| 8:54 | Construir | Palisade Wall |
| 8:58 | Crear | Militia |
| 9:02 | Construir | House |
| 9:10 | Crear | Villager (Male) |
| 9:11 | Construir | Palisade Wall |
| 9:12 | Construir | Palisade Wall |
| 9:12 | Construir | Palisade Wall |
| 9:13 | Construir | Palisade Wall |
| 9:14 | Construir | Palisade Wall |
| 9:15 | Construir | Palisade Wall |
| 9:20 | Edad | Edad Feudal |
| 9:31 | Construir | Palisade Wall |
| 9:34 | Construir | House |
| 9:35 | Construir | Palisade Wall |
| 9:37 | Investigar | Double-Bit Axe |
| 9:42 | Investigar | Man-at-Arms (upgrade) |
| 9:42 | Investigar | Man-at-Arms (upgrade) |
| 9:56 | Crear | Villager (Male) |
| 9:58 | Construir | Palisade Wall |
| 10:06 | Crear | Villager (Male) |
| 10:15 | Crear | Militia |
| 10:17 | Crear | Villager (Male) |
| 10:39 | Construir | Farm |
| 10:43 | Crear | Militia |
| 10:55 | Construir | Farm |
| 11:03 | Crear | Militia |
| 11:10 | Construir | Farm |
| 11:19 | Crear | Villager (Male) |
| 11:19 | Crear | Villager (Male) |
| 11:20 | Construir | Farm |
| 11:34 | Crear | Villager (Male) |
| 11:36 | Construir | Farm |
| 11:39 | Construir | Farm |
| 11:45 | Crear | Villager (Male) |
| 11:53 | Construir | House |
| 12:02 | Crear | Militia |
| 12:05 | Crear | Villager (Male) |
| 12:11 | Construir | Farm |
| 12:17 | Crear | Militia |
| 12:22 | Construir | Blacksmith |
| 12:31 | Crear | Villager (Male) |
| 12:32 | Construir | Farm |
| 12:36 | Crear | Villager (Male) |
| 12:38 | Construir | Palisade Wall |
| 12:48 | Construir | Farm |
| 12:52 | Crear | Villager (Male) |
| 13:18 | Crear | Villager (Male) |
| 13:22 | Investigar | Scale Mail Armor |
| 13:23 | Crear | Militia |
| 13:23 | Crear | Villager (Male) |
| 13:25 | Construir | House |
| 13:39 | Construir | Farm |
| 13:43 | Construir | Farm |
| 13:48 | Crear | Villager (Male) |
| 13:49 | Crear | Militia |
| 14:00 | Crear | Villager (Male) |
| 14:02 | Construir | House |
| 14:23 | Crear | Villager (Male) |
| 14:25 | Crear | Militia |
| 14:33 | Crear | Militia |
| 14:36 | Construir | Farm |
| 14:37 | Construir | Farm |
| 14:43 | Construir | Palisade Wall |
| 14:44 | Construir | Palisade Wall |
| 14:55 | Crear | Militia |
| 15:12 | Crear | Militia |
| 15:24 | Crear | Villager (Male) |
| 15:25 | Crear | Militia |
| 15:30 | Construir | Farm |
| 15:47 | Crear | Militia |
| 16:01 | Crear | Villager (Male) |
| 16:02 | Construir | Farm |
| 16:10 | Construir | Farm |
| 16:19 | Crear | Villager (Male) |
| 16:21 | Crear | Militia |
| 16:37 | Crear | Villager (Male) |
| 16:38 | Construir | House |
| 16:40 | Construir | Palisade Wall |
| 16:43 | Crear | Villager (Male) |
| 16:44 | Crear | Militia |
| 17:00 | Crear | Militia |
| 17:02 | Crear | Villager (Male) |
| 17:04 | Crear | Villager (Male) |
| 17:10 | Construir | Farm |
| 17:12 | Construir | Farm |
| 17:13 | Crear | Militia |
| 17:14 | Construir | Farm |
| 17:29 | Crear | Villager (Male) |
| 17:32 | Construir | Farm |
| 17:45 | Construir | Palisade Wall |
| 17:52 | Crear | Militia |
| 17:55 | Crear | Villager (Male) |
| 17:59 | Construir | Farm |
| 18:03 | Construir | Lumber Camp |
| 18:13 | Crear | Militia |
| 18:17 | Investigar | Forging |
| 18:17 | Investigar | Forging |
| 18:22 | Crear | Villager (Male) |
| 18:24 | Construir | Farm |
| 18:29 | Crear | Militia |
| 18:41 | Crear | Villager (Male) |
| 18:45 | Construir | Farm |
| 18:47 | Construir | Farm |
| 18:54 | Crear | Villager (Male) |
| 19:13 | Construir | House |
| 19:15 | Construir | Palisade Wall |
| 19:18 | Crear | Villager (Male) |
| 19:34 | Construir | Stone Wall |
Cronología de la partida
| 6:34 | Lorenz · first_building Barracks |
| 7:19 | 寡言悲观戏谑 · first_building Barracks |
| 8:30 | 寡言悲观戏谑 · wall_segment Palisade Wall x1 |
| 8:31 | 寡言悲观戏谑 · wall_segment Palisade Wall x1 |
| 8:54 | 寡言悲观戏谑 · wall_segment Palisade Wall x1 |
| 9:10 | Lorenz · wall_segment Palisade Wall x5 |
| 9:11 | 寡言悲观戏谑 · wall_segment Palisade Wall x1 |
| 9:12 | 寡言悲观戏谑 · wall_segment Palisade Wall x1 |
| 9:12 | 寡言悲观戏谑 · wall_segment Palisade Wall x1 |
| 9:13 | 寡言悲观戏谑 · wall_segment Palisade Wall x1 |
| 9:14 | 寡言悲观戏谑 · wall_segment Palisade Wall x1 |
| 9:15 | 寡言悲观戏谑 · wall_segment Palisade Wall x1 |
| 9:20 | 寡言悲观戏谑 · age_up feudal |
| 9:31 | 寡言悲观戏谑 · wall_segment Palisade Wall x1 |
| 9:35 | 寡言悲观戏谑 · wall_segment Palisade Wall x1 |
| 9:44 | Lorenz · wall_segment Palisade Wall x1 |
| 9:50 | Lorenz · wall_segment Palisade Wall x2 |
| 9:50 | Lorenz · age_up feudal |
| 9:51 | Lorenz · wall_segment Palisade Wall x2 |
| 9:58 | 寡言悲观戏谑 · wall_segment Palisade Wall x1 |
| 12:03 | Lorenz · wall_segment Palisade Wall x4 |
| 12:34 | Lorenz · wall_segment Palisade Wall x10 |
| 12:38 | 寡言悲观戏谑 · wall_segment Palisade Wall x1 |
| 13:22 | Lorenz · wall_segment Palisade Wall x8 |
| 13:44 | Lorenz · wall_segment Palisade Wall x1 |
| 13:47 | Lorenz · wall_segment Palisade Wall x1 |
| 13:49 | Lorenz · wall_segment Palisade Wall x1 |
| 13:51 | Lorenz · wall_segment Palisade Wall x1 |
| 13:53 | Lorenz · wall_segment Palisade Wall x1 |
| 14:43 | 寡言悲观戏谑 · wall_segment Palisade Wall x1 |
| 14:44 | 寡言悲观戏谑 · wall_segment Palisade Wall x1 |
| 16:36 | Lorenz · wall_segment Palisade Wall x1 |
| 16:39 | Lorenz · wall_segment Palisade Wall x1 |
| 16:40 | 寡言悲观戏谑 · wall_segment Palisade Wall x7 |
| 17:45 | 寡言悲观戏谑 · wall_segment Palisade Wall x22 |
| 18:18 | Lorenz · wall_segment Palisade Wall x1 |
| 19:15 | 寡言悲观戏谑 · wall_segment Palisade Wall x1 |
| 19:34 | 寡言悲观戏谑 · wall_segment Stone Wall x2 |
| 19:49 | 寡言悲观戏谑 · wall_segment Stone Wall x1 |
| 20:30 | 寡言悲观戏谑 · wall_segment Stone Wall x1 |
| 20:34 | 寡言悲观戏谑 · wall_segment Stone Wall x1 |
| 20:37 | 寡言悲观戏谑 · wall_segment Stone Wall x1 |
| 20:40 | 寡言悲观戏谑 · wall_segment Stone Wall x1 |
| 20:52 | 寡言悲观戏谑 · wall_segment Stone Wall x5 |
| 20:55 | 寡言悲观戏谑 · wall_segment Stone Wall x1 |
| 21:13 | 寡言悲观戏谑 · wall_segment Stone Wall x1 |
| 21:16 | 寡言悲观戏谑 · wall_segment Stone Wall x1 |
| 21:17 | Lorenz · wall_segment Palisade Wall x1 |
| 21:28 | Lorenz · wall_segment Palisade Wall x1 |
| 21:51 | 寡言悲观戏谑 · wall_segment Stone Wall x3 |
| 22:18 | Lorenz · wall_segment Palisade Wall x1 |
| 22:35 | 寡言悲观戏谑 · wall_segment Stone Wall x4 |
| 22:39 | 寡言悲观戏谑 · wall_segment Stone Wall x4 |
| 22:54 | 寡言悲观戏谑 · wall_segment Stone Wall x1 |
| 23:16 | 寡言悲观戏谑 · wall_segment Stone Wall x1 |
| 23:17 | 寡言悲观戏谑 · wall_segment Stone Wall x1 |
| 24:11 | Lorenz · wall_segment Stone Wall x12 |
| 24:25 | Lorenz · wall_segment Stone Wall x8 |
| 24:37 | 寡言悲观戏谑 · wall_segment Stone Wall x1 |
| 24:39 | 寡言悲观戏谑 · wall_segment Stone Wall x1 |
| 24:41 | 寡言悲观戏谑 · wall_segment Stone Wall x1 |
| 24:43 | 寡言悲观戏谑 · wall_segment Stone Wall x1 |
| 24:57 | 寡言悲观戏谑 · age_up castle |
| 25:19 | 寡言悲观戏谑 · wall_segment Palisade Wall x9 |
| 25:21 | Lorenz · wall_segment Stone Wall x4 |
| 25:26 | Lorenz · first_market_sell 100 food |
| 26:01 | Lorenz · wall_segment Stone Wall x1 |
| 26:03 | Lorenz · wall_segment Stone Wall x1 |
| 26:04 | Lorenz · wall_segment Stone Wall x2 |
| 26:05 | Lorenz · wall_segment Stone Wall x1 |
| 26:06 | Lorenz · wall_segment Stone Wall x1 |
| 26:11 | 寡言悲观戏谑 · wall_segment Palisade Wall x7 |
| 26:33 | Lorenz · wall_segment Stone Wall x7 |
| 26:36 | Lorenz · wall_segment Stone Wall x5 |
| 26:38 | Lorenz · wall_segment Stone Wall x1 |
| 26:46 | Lorenz · wall_segment Stone Wall x2 |
| 26:50 | Lorenz · wall_segment Stone Wall x2 |
| 26:54 | Lorenz · wall_segment Stone Wall x4 |
| 26:58 | Lorenz · wall_segment Stone Wall x1 |
| 26:59 | Lorenz · wall_segment Stone Wall x1 |
| 27:10 | 寡言悲观戏谑 · wall_segment Stone Wall x1 |
| 27:39 | Lorenz · wall_segment Stone Wall x1 |
| 27:40 | Lorenz · wall_segment Stone Wall x1 |
| 28:07 | Lorenz · age_up castle |
| 30:16 | 寡言悲观戏谑 · first_building Siege Workshop |
| 33:50 | 寡言悲观戏谑 · first_building Monastery |
| 33:52 | Lorenz · resign |
[ ANÁLISIS IA · 1 CRÉDITO ]
¿Qué pasó realmente en esta partida?
Wolo.gg analiza cada decisión: build order, eco, micro, errores típicos por bracket. Análisis personalizado por WhatsApp o Discord en 30 segundos.
Guía civ
Eslavos
Perfil
Lorenz